 Dungeon Crawl Stone Soup version 0.18.1-50-g88ac8fd (webtiles) character file.

947 magog001 the Shield-Bearer (level 7, -3/61 HPs)
             Began as a Minotaur Fighter on Sept 13, 2018.
             Was an Initiate of Nemelex Xobeh.
             Slain by Menkaure (13 damage)
             ... on level 6 of the Dungeon.
             The game lasted 00:20:15 (3724 turns).

magog001 the Shield-Bearer (Minotaur Fighter)       Turns: 3724, Time: 00:20:15

Health: -3/61      AC: 11    Str: 23    XL:     7   Next: 89%
Magic:  6/6        EV:  7    Int:  5    God:    Nemelex Xobeh [......]
Gold:   233        SH: 10    Dex:  9    Spells: 0 memorised, 6 levels left

rFire  + + .     SeeInvis .     d - +0 hand axe (chop)
rCold  x . .     Gourm    .     t - +0 chain mail
rNeg   . . .     Faith    .     c - +0 shield
rPois  .         Spirit   .     (helmet restricted)
rElec  .         Dismiss  .     m - +0 cloak
rCorr  .         Reflect  .     (no gloves)
SustAt .         Harm     .     (no boots)
MR     .....     Clarity  +     (no amulet)
Stlth  ..........               (no ring)
                                e - ring of fire

@: not resistant to hostile enchantments, extremely unstealthy
A: retaliatory headbutt, horns 2, clarity, fire resistance 1
a: Renounce Religion


You were on level 6 of the Dungeon.
You worshipped Nemelex Xobeh.
Nemelex Xobeh was noncommittal.
You were not hungry.

You visited 2 branches of the dungeon, and saw 6 of its levels.

You collected 233 gold pieces.

Inventory:

Hand Weapons
 a - a +0 war axe
 d - a +0 hand axe of chopping (weapon)
 w - a +0 hunting sling
Missiles
 b - 29 bolts
 D - 5 tomahawks (quivered)
Armour
 c - a +0 shield (worn)
 m - a +0 cloak (worn)
 t - a +0 chain mail (worn)
Jewellery
 e - a ring of fire (left hand)
Wands
 i - a wand of polymorph (6/24)
 s - a wand of iceblast (6/15)
Scrolls
 g - 2 scrolls of random uselessness {unknown}
 h - a scroll of magic mapping {unknown}
 k - 3 scrolls of remove curse
 n - 5 scrolls of identify
 o - 3 scrolls of immolation {unknown}
 q - 2 scrolls of amnesia {unknown}
 v - a scroll of fog {unknown}
 x - a scroll of enchant weapon {unknown}
 y - a scroll of fear {unknown}
Potions
 j - a potion of degeneration {unknown}
 l - a potion of experience {unknown}
 p - a potion of heal wounds {unknown}
 u - a potion of flight {unknown}
 B - a potion of resistance {unknown}
 C - a potion of lignification {unknown}
Miscellaneous
 z - a plain deck of escape
Comestibles
 f - 3 bread rations
 r - 3 beef jerkies
 A - a meat ration


   Skills:
 * Level 5.3 Fighting
 * Level 5.5 Axes
 * Level 6.6 Armour
 + Level 2.4 Dodging
 + Level 0.1 Stealth
 * Level 7.0 Shields


You had 6 spell levels left.
You didn't know any spells.

Dungeon Overview and Level Annotations

Branches:
Dungeon (4/15)             Temple (1/1) D:4

Altars:
Ashenzari
Dithmenos
Makhleb
Nemelex Xobeh
Okawaru
Pakellas
Qazlal
Ru
Yredelemnul
Zin

Annotations:
D:6 Menkaure


Innate Abilities, Weirdness & Mutations

You reflexively headbutt those who attack you in melee.
You have a pair of horns on your head.
You possess an exceptional clarity of mind.
Your flesh is heat resistant.


Message History

Found an escape hatch in the ceiling.
There is an open door here.
Found a stone staircase leading up.
There is an escape hatch in the ceiling here.
Menkaure shouts!
Menkaure mumbles some strange words.
Menkaure seems to speed up.
Menkaure calls on the powers of darkness!
Your body is wracked with pain!
There is an escape hatch in the ceiling here.
Menkaure calls on the powers of darkness!
Your body is wracked with pain!
* * * LOW HITPOINT WARNING * * *
Menkaure grins.
Menkaure calls on the powers of darkness!
Your body is wracked with pain!
* * * LOW HITPOINT WARNING * * *
Menkaure hits you!
You die...
Your body disappears without a glow.

.######### . ........
.#.#. #...#
...M.##...#
.#.##.....##########
.>........M@..<...<#
....#......##########
#.#.#.....##
#.#.#.....#
#...#.....#
#...#.....#
#..#.....# #........#
#....#.############


You could see Menkaure.

Vanquished Creatures
  The ghost of magog001 the Skirmisher, an amateur HOFi (D:3)
  Duvessa (D:6)
  An ice beast (D:3)
  A giant frog (D:6)
  Dowan (D:6)
  A scorpion (D:4)
  A howler monkey (D:6)
  A crimson imp (D:6)
  A centaur skeleton (D:4)
  3 orc priests
  2 orc wizards (D:4)
  6 adders
  4 gnolls (D:4)
  A howler monkey skeleton (D:4)
  An ooze (D:2)
  An adder skeleton (D:4)
  2 worms
  A dart slug (D:3)
  4 giant geckos
  8 orcs
  5 giant cockroaches
  6 goblins
  6 hobgoblins
  8 jackals
  6 kobolds
  A quokka (D:3)
  7 bats
  4 giant newts
  6 rats
91 creatures vanquished.

Vanquished Creatures (others)
  A yak (D:2)
1 creature vanquished.

Grand Total: 92 creatures vanquished

Notes
Turn   | Place    | Note
--------------------------------------------------------------
     0 | D:1      | magog001 the Minotaur Fighter began the quest for the Orb.
     0 | D:1      | Reached XP level 1. HP: 19/19 MP: 0/0
   110 | D:1      | Reached XP level 2. HP: 25/27 MP: 1/1
   229 | D:1      | Reached skill level 4 in Shields
   445 | D:1      | Gained mutation: You possess an exceptional clarity of mind. [potion of mutation]
   445 | D:1      | Gained mutation: Your flesh is heat resistant. [potion of mutation]
   668 | D:2      | Reached XP level 3. HP: 32/33 MP: 2/2
   710 | D:2      | Found an oddly glowing altar of Pakellas.
   710 | D:2      | Noticed an orange crystal statue
   711 | D:2      | Noticed a yak
   745 | D:2      | Killed a yak
   946 | D:3      | Reached XP level 4. HP: 13/40 MP: 3/3
  1216 | D:3      | Found a faded altar to an unknown god.
  1279 | D:3      | Reached skill level 5 in Armour
  1587 | D:3      | Reached XP level 5. HP: 44/46 MP: 4/4
  1698 | D:3      | Noticed magog001's ghost (amateur HOFi)
  1713 | D:3      | Reached skill level 1 in Dodging
  1729 | D:3      | Killed magog001's ghost
  1729 | D:3      | Reached skill level 5 in Shields
  1729 | D:3      | Reached XP level 6. HP: 13/53 MP: 5/5
  2047 | D:3      | Noticed an ice beast
  2059 | D:3      | Killed an ice beast
  2442 | D:4      | Found a shattered altar of Ashenzari.
  2484 | D:4      | Found a staircase to the Ecumenical Temple.
  2493 | Temple   | Entered the Ecumenical Temple
  2513 | Temple   | Became a worshipper of Nemelex Xobeh the Trickster
  2693 | D:4      | Reached skill level 5 in Fighting
  2693 | D:4      | Reached XP level 7. HP: 35/61 MP: 6/6
  2693 | D:4      | Reached skill level 6 in Shields
  3017 | D:4      | You fall through a shaft for 2 floors!
  3036 | D:6      | Received a gift from Nemelex Xobeh
  3333 | D:6      | Noticed Duvessa
  3334 | D:6      | Noticed Dowan
  3345 | D:6      | Killed Duvessa
  3345 | D:6      | Reached skill level 5 in Axes
  3389 | D:6      | Killed Dowan
  3690 | D:6      | Reached skill level 7 in Shields
  3708 | D:6      | Noticed Menkaure
  3724 | D:6      | Slain by Menkaure

Skill      XL: |  1  2  3  4  5  6  7 |
---------------+----------------------+-----
Armour         | 4 5 6 |  6.6
Shields        | 4 5 7 |  7.0
Fighting       | 4 5 |  5.3
Axes           | 3 4 5 |  5.5
Dodging        | 1 2 |  2.4
Stealth        | |  0.1

Action                   |  1- 3 |  4- 6 |  7- 9 || total
-------------------------+-------+-------+-------++-------
Melee: War axe           |    98 |     6 |       ||   104
       Headbutt          |    13 |    22 |    10 ||    45
       Hand axe          |       |   132 |    60 ||   192
       Unarmed           |       |       |     2 ||     2
Evoke: Wand              |       |       |     1 ||     1
  Use: Potion            |     2 |     1 |     1 ||     4
       Scroll            |     1 |     2 |       ||     3
  Eat: Chunk             |       |     4 |       ||     4
       Meat ration       |       |     1 |       ||     1
Armor: Scale mail        |    23 |       |       ||    23
       Chain mail        |    22 |    76 |    26 ||   124
       Skin              |       |       |     4 ||     4
Dodge: Dodged            |    27 |    47 |    24 ||    98
Block: Shield            |    54 |    80 |    42 ||   176
